 Dungeon Crawl Stone Soup version 0.24-a0-471-g3302cd442e (webtiles) character file.

Game seed: 13944028167506999034

751460 Inarius the Axe Maniac (level 27, -17/267 HPs)
             Began as a Demonspawn Hunter on July 3, 2019.
             Was the Champion of Jiyva.
             Killed from afar by a Brimstone Fiend (28 damage)
             ... with damnation
             ... on level 7 of Gehenna on July 4, 2019.
             The game lasted 03:50:15 (74327 turns).

Inarius the Axe Maniac (Demonspawn Hunter)         Turns: 74327, Time: 03:50:16

Health: -17/267    AC: 34    Str: 46 (48) XL:     27
Magic:  0/43       EV: 19    Int:  7      God:    Jiyva [******]
Gold:   5269       SH: 44    Dex: 19 (22) Spells: 32/35 levels left

rFire    + + +     SeeInvis +   z - +9 broad axe (elec)
rCold    + + .     Gourm    .   c - +10 large shield of Ignorance {rN+ Int-4}
rNeg     + + +     Faith    .   C - +8 gold dragon scales
rPois    +         Spirit   +   (helmet unavailable)
rElec    +         Reflect  +   V - +2 cloak {MR+}
rCorr    +         Harm     .   Y - +1 pair of gloves of Orthodoxy {Dex+5}
MR       ++++.                  t - +3 pair of boots of Jutwoadi {rPois rF+ MP+9}
Stlth    ..........             Z - +5 amulet of reflection
HPRegen  0.54/turn              D - ring of Ashenzari's Regard {rElec rF+ MR+ Dex+4}
MPRegen  0.56/turn              d - ring of Light {rC+ rN+ Str+2 Int+2 Dex+4}

@: mighty, agile, about to teleport, marked, studying Maces & Flails
A: antennae 3, hooves 1, rugged brown scales 3, negative energy resistance 1,
powered by pain 3, robust 1, 50% torment resistance, strong 1, eyeballs 1,
pseudopods 1, magic shield, magic regeneration, magic link, black mark
}: 5/15 runes: decaying, slimy, silver, abyssal, gossamer
a: Request Jelly, Slimify, Cure Bad Mutation, Renounce Religion


You were on level 7 of Gehenna.
You worshipped Jiyva.
Jiyva was exalted by your worship.
You were completely stuffed.

You visited 12 branches of the dungeon, and saw 60 of its levels.
You visited the Abyss 2 times.
You visited 1 bazaar.
You also visited: Ossuary, Ice Cave, Volcano and Wizlab.

You collected 8337 gold pieces.
You spent 3068 gold pieces at shops.

Inventory:

Hand Weapons
 a - a +3 broad axe of distortion
 b - the +7 eveningstar of Okawaru's Approval {crush, rPois MP+9 Dex+2}
   (Okawaru gifted it to you on level 3 of the Spider Nest)

   It inflicts extra damage upon your enemies.
   It affects your dexterity (+2).
   It protects you from poison.
   It affects your magic capacity (+9).
 p - a +9 broad axe of venom
 z - a +9 broad axe of electrocution (weapon)
Missiles
 T - 53 silver javelins (quivered)
Armour
 c - the +10 large shield of Ignorance (worn) {rN+ Int-4}
   (You found it on level 9 of the Dungeon)

   It affects your intelligence (-4).
   It protects you from negative energy.
 f - a scarf of resistance
 t - the +3 pair of boots of Jutwoadi (worn) {rPois rF+ MP+9}
   (Okawaru gifted it to you on level 3 of the Lair of Beasts)

   It protects you from fire.
   It protects you from poison.
   It affects your magic capacity (+9).
 C - +8 gold dragon scales (worn)
 I - the +6 scale mail of Mezcal {MR+ Dex+7 Stlth+}
   (Okawaru gifted it to you on level 1 of the Vaults)

   It affects your dexterity (+7).
   It affects your resistance to hostile enchantments.
   It makes you more stealthy.
 V - a +2 cloak of magic resistance (worn)
 W - the +5 scale mail of Mezcal {rC+ rN+ Int+3 Stlth+}
   (You found it on level 5 of the Pits of Slime)

   It affects your intelligence (+3).
   It protects you from cold.
   It protects you from negative energy.
   It makes you more stealthy.
 Y - the +1 pair of gloves of Orthodoxy (worn) {Dex+5}
   (Okawaru gifted it to you on level 2 of the Orcish Mines)

   It affects your dexterity (+5).
Jewellery
 d - the ring of Light (right hand) {rC+ rN+ Str+2 Int+2 Dex+4}
   (You bought it in a shop on level 2 of the Orcish Mines)

   [ring of protection from cold]

   It affects your strength (+2).
   It affects your intelligence (+2).
   It affects your dexterity (+4).
   It protects you from cold.
   It protects you from negative energy.
 i - the ring of Ymmaacef {rF+ rC+ EV+3 Int+2 Dex+3}
   (You found it on level 4 of the Depths)

   [ring of evasion]

   It affects your evasion (+3).
   It affects your intelligence (+2).
   It affects your dexterity (+3).
   It protects you from fire.
   It protects you from cold.
 r - the ring of Dexkaem {rF++ rC- rN+ Str+3}
   (You found it on level 3 of the Swamp)

   [ring of strength]

   It affects your strength (+3).
   It greatly protects you from fire.
   It makes you vulnerable to cold.
   It protects you from negative energy.
 D - the ring of Ashenzari's Regard (left hand) {rElec rF+ MR+ Dex+4}
   (You found it on level 2 of the Orcish Mines)

   [ring of protection from fire]

   It affects your dexterity (+4).
   It protects you from fire.
   It insulates you from electricity.
   It affects your resistance to hostile enchantments.
 G - an uncursed amulet of regeneration
 P - the ring "Fixt" {rPois rC+ Str+6 Stlth-}
   (You found it on level 5 of the Depths)

   [ring of protection from cold]

   It affects your strength (+6).
   It protects you from cold.
   It protects you from poison.
   It makes you less stealthy.
 U - the ring of Agnosticism {Fire rN++ Int-3 Dex+2 SInv}
   (You acquired it on level 5 of the Vaults)

   [ring of fire]

   It enhances your fire magic.
   It affects your intelligence (-3).
   It affects your dexterity (+2).
   It protects you from fire.
   It makes you vulnerable to cold.
   It greatly protects you from negative energy.
   It lets you see invisible.
 Z - a +5 amulet of reflection (around neck)
Wands
 j - a wand of scattershot (4)
 A - a wand of disintegration (10)
 O - a wand of iceblast (28)
 X - a wand of digging (5)
Scrolls
 e - 13 scrolls of immolation
 k - 26 scrolls of remove curse
 l - 4 scrolls of blinking
 s - 33 scrolls of identify
 u - 10 scrolls of fear
 y - 25 scrolls of teleportation
 F - a scroll of magic mapping
 M - 7 scrolls of noise
 Q - a scroll of summoning
 R - 12 scrolls of fog
Potions
 g - 19 potions of curing
 m - 4 potions of mutation
 n - 2 potions of magic
 o - 9 potions of might
 q - 5 potions of cancellation
 v - 5 potions of invisibility
 x - 10 potions of heal wounds
 J - 7 potions of ambrosia
 K - 9 potions of haste
 L - 11 potions of flight
 N - 4 potions of resistance
 S - 7 potions of agility
Books
 H - a manual of Maces & Flails
Miscellaneous
 w - a lightning rod (4/4)
 B - 4 sacks of spiders
 E - 3 phantom mirrors
Comestibles
 h - 84 rations


   Skills:
 + Level 21.4 Fighting
   Level 0.8 Short Blades
 O Level 27 Axes
 - Level 1.0(18.7) Maces & Flails
   Level 2.0(18.8) Polearms
 + Level 8.8 Throwing
 + Level 13.0 Armour
 + Level 9.5 Dodging
 - Level 3.6 Stealth
 + Level 22.8 Shields
 * Level 4.8 Spellcasting
 * Level 4.6 Charms
 * Level 5.6 Necromancy
   Level 13.5 Invocations
 + Level 14.9 Evocations


You had 32 spell levels left.
You knew the following spells:

 Your Spells              Type           Power        Failure   Level  Hunger
a - Regeneration          Chrm/Necr      #.........   69%         3    ###....

Your spell library contained the following spells:

 Spells                   Type           Power        Failure   Level  Hunger
 Animate Skeleton         Necr           N/A          28%         1    #......
 Pain                     Necr           #...         28%         1    #......
 Infusion                 Chrm           #...         38%         1    #......
 Corpse Rot               Necr           N/A          38%         2    ###....
 Sublimation of Blood     Necr           #.........   38%         2    ###....
 Song of Slaying          Chrm           #.......     52%         2    ###....
 Vampiric Draining        Necr           #.........   63%         3    ###....
 Shroud of Golubria       Chrm/Tloc      #.....       85%         2    ###....
 Swiftness                Chrm/Air       #.......     85%         2    ###....
 Apportation              Tloc           #.....       95%         1    #......
 Beastly Appendage        Tmut           #.....       95%         1    #......
 Confusing Touch          Hex            #.....       95%         1    #......
 Flame Tongue             Conj/Fire      #....        95%         1    #......
 Magic Dart               Conj           #...         95%         1    #......
 Sandblast                Erth           #.....       95%         1    #......
 Shock                    Conj/Air       #...         95%         1    #......
 Sting                    Conj/Pois      #...         95%         1    #......
 Summon Butterflies       Summ           #.......     95%         1    #......
 Summon Small Mammal      Summ           #...         95%         1    #......
 Animate Dead             Necr           N/A          95%         4    #####..
 Spectral Weapon          Hex/Chrm       #.......     97%         3    ###....
 Blink                    Tloc           N/A          99%         2    ###....
 Call Imp                 Summ           #.......     99%         2    ###....
 Passwall                 Tmut/Erth      #.......     99%         2    ###....
 Poisonous Vapours        Pois/Air       #.....       99%         2    ###....
 Slow                     Hex            #.......     99%         2    ###....
 Sticks to Snakes         Tmut           #.......     99%         2    ###....
 Throw Frost              Conj/Ice       #.....       99%         2    ###....
 Call Canine Familiar     Summ           #.......     100%        3    ###....
 Confuse                  Hex            #.......     100%        3    ###....
 Conjure Flame            Conj/Fire      #.......     100%        3    ###....
 Gell's Gravitas          Tloc           #.........   100%        3    ###....
 Ignite Poison            Fire/Tmut/Pois #.......     100%        3    ###....
 Lesser Beckoning         Tloc           #.........   100%        3    ###....
 Mephitic Cloud           Conj/Pois/Air  #.......     100%        3    ###....
 Portal Projectile        Hex/Tloc       #.....       100%        3    ###....
 Recall                   Summ/Tloc      N/A          100%        3    ###....
 Spider Form              Tmut/Pois      #.........   100%        3    ###....
 Static Discharge         Conj/Air       #.......     100%        3    ###....
 Stone Arrow              Conj/Erth      #.....       100%        3    ###....
 Summon Guardian Golem    Hex/Summ       #.......     100%        3    ###....
 Tukima's Dance           Hex            #.......     100%        3    ###....
 Cause Fear               Hex            #.........   100%        4    #####..
 Force Lance              Conj/Tloc      #.......     100%        4    #####..
 Fulminant Prism          Conj/Hex       #.........   100%        4    #####..
 Ice Form                 Ice/Tmut       #.......     100%        4    #####..
 Leda's Liquefaction      Hex/Erth       #.........   100%        4    #####..
 Olgreb's Toxic Radiance  Pois           #.......     100%        4    #####..
 Passage of Golubria      Tloc           N/A          100%        4    #####..
 Petrify                  Tmut/Erth      #.......     100%        4    #####..
 Summon Ice Beast         Ice/Summ       #.......     100%        4    #####..
 Summon Lightning Spire   Summ/Air       #.......     100%        4    #####..
 Agony                    Necr           #.......     100%        5    ######.
 Alistair's Intoxication  Tmut/Pois      #.......     100%        5    ######.
 Aura of Abjuration       Summ           #.........   100%        5    ######.
 Blade Hands              Tmut           #.........   100%        5    ######.
 Bolt of Draining         Conj/Necr      #.........   100%        5    ######.
 Borgnjor's Vile Clutch   Necr/Erth      #.........   100%        5    ######.
 Dispel Undead            Necr           #.......     100%        5    ######.
 Excruciating Wounds      Chrm/Necr      #.........   100%        5    ######.
 Irradiate                Conj/Tmut      #.........   100%        5    ######.
 Lee's Rapid Deconstruct  Erth           #.........   100%        5    ######.
 Metabolic Englaciation   Hex/Ice        #.........   100%        5    ######.
 Summon Demon             Summ           #.........   100%        5    ######.
 Summon Forest            Summ/Tloc      #.........   100%        5    ######.
 Summon Mana Viper        Hex/Summ       #.......     100%        5    ######.
 Venom Bolt               Conj/Pois      #.........   100%        5    ######.
 Yara's Violent Unravell  Hex/Tmut       #.........   100%        5    ######.
 Bolt of Fire             Conj/Fire      #.........   100%        6    #######
 Conjure Ball Lightning   Conj/Air       #.........   100%        6    #######
 Darkness                 Hex            #.........   100%        6    #######
 Dispersal                Tloc           #.........   100%        6    #######
 Hydra Form               Tmut           #.........   100%        6    #######
 Invisibility             Hex            #.......     100%        6    #######
 Poison Arrow             Conj/Pois      #.........   100%        6    #######
 Shadow Creatures         Summ           N/A          100%        6    #######
 Dragon Form              Tmut           #.........   100%        7    #######
 Haunt                    Necr/Summ      #.........   100%        7    #######
 Summon Hydra             Summ           #.........   100%        7    #######
 Borgnjor's Revivificati  Necr           #.........   100%        8    #######
 Chain Lightning          Conj/Air       #.........   100%        8    #######
 Controlled Blink         Tloc           N/A          100%        8    #######
 Death's Door             Chrm/Necr      #.........   100%        8    #######
 Disjunction              Tloc           #.........   100%        8    #######
 Infestation              Necr           #.........   100%        8    #######
 Lehudib's Crystal Spear  Conj/Erth      #.........   100%        8    #######
 Necromutation            Tmut/Necr      #.........   100%        8    #######
 Dragon's Call            Summ           #.........   100%        9    #######
 Fire Storm               Conj/Fire      #.........   100%        9    #######
 Glaciate                 Conj/Ice       #.........   100%        9    #######


Dungeon Overview and Level Annotations

Branches:
Dungeon (15/15)            Temple (0/1) D:6            Lair (6/6) D:10
  Swamp (4/4) Lair:4       Spider (4/4) Lair:3        Slime (5/5) Lair:6
    Orc (2/2) D:10            Elf (3/3) Orc:2        Vaults (5/5) D:14
  Crypt (3/3) Vaults:3       Tomb (0/3) Crypt:3      Depths (5/5) D:15
   Hell (1/1)                 Dis (0/7) Hell            Geh (7/7) Hell
    Coc (0/7) Hell            Tar (0/7) Hell            Zot (0/5) Depths:5

Altars:
Ashenzari
Cheibriados
Fedhas
Hepliaklqana
Kikubaaqudgha
Makhleb
Okawaru
Qazlal
Ru
Vehumet
Wu Jian
Yredelemnul
The Shining One
Beogh
Jiyva

Shops:
D:15 [}}%(   Orc:2 ?}[=   Elf:1 *   Elf:3 %   Vaults:1 (   Depths:1 [
Depths:4 [

Portals:
Hell: Depths:1 Depths:2 Depths:3 Depths:4 Depths:5
Abyss: Depths:1 Depths:2 Depths:4
Pandemonium: Depths:3
Ziggurat: Depths:3

Annotations:
D:9 1 runed translucent door, exclusion: 4 orange crystal statues
Slime:5 Royal Jelly


Innate Abilities, Weirdness & Mutations

You have a pair of large antennae on your head. (SInv)
You are completely covered in rugged brown scales. (AC +3, +7% HP)
You resist negative energy. (rN+)
You are powered by pain.
You are somewhat able to resist unholy torments (1 in 2 success).
When hurt, damage is shared between your health and your magic reserves.
You regenerate magic rapidly.
When low on magic, you restore magic in place of health.
Your melee attacks may debilitate your foes.
You have large cloven feet.
You are robust. (+10% HP)
Your muscles are strong. (Str +2)
Your body has grown golden eyes which may confuse attackers. (Acc +3)
Armour fits poorly on your pseudopods.


Message History

You feel much better. The Brimstone Fiend gestures at you.
The sphere of damnation explodes!
The damnation engulfs you!!!
* * * LOW HITPOINT WARNING * * *
You focus on the pain.
You feel very mighty all of a sudden.
The damnation engulfs the Brimstone Fiend.
The Brimstone Fiend completely resists.
The damnation engulfs the Brimstone Fiend.
The Brimstone Fiend completely resists.
The balrug drinks a potion.
The balrug suddenly seems more agile.
You block the Brimstone Fiend's attack. x3
You feel much better. The balrug gestures at you. Something smites you!
* * * LOW HITPOINT WARNING * * *
An efreet comes into view.
It is wielding a +2 scimitar of flaming.
You block the Brimstone Fiend's attack. x3
The Brimstone Fiend gestures at you.
The sphere of damnation explodes!
The damnation engulfs you!!
You die...

≈≈≈≈###☼###≈≈≈≈ §≈
≈≈§§§#.R.#§§≈≈≈ §§≈
§§§3§#8.8#§§§§v{§≈≈≈ ≈≈≈
≈≈≈§{≈≈§#.3.#§§≈≈§≈v≈≈ ≈≈§ {
≈§§≈§{3#.2.#{§§§≈≈§§ §§§
≈≈≈≈{{{#838#{{§§≈§≈ ≈≈
§≈§{{{#ZL2#{{§≈§≈§
#≈{#####1#####≈≈#
#####...@1...###### §
≈§##...'........'.../##≈§§
§§≈≈#...#############.#≈≈§≈≈
§§≈≈§≈§≈#.......'.......#.#≈§≈≈≈#
§§§≈§§≈ #.......#..###..####≈≈≈≈#
§≈§§3§≈##########....J..'..# ≈§≈#
########..{.....##########.# §§≈#
.......+..#.{#..{.......{#.#≈§§≈#
8.8.8..#........#..#..#..'.#≈≈§§#


You could see 2 Brimstone Fiends, a lich, 2 balrugs, 2 sun demons and an efreet.

Vanquished Creatures
  the Serpent of Hell (Geh:7)
  5 ancient liches
  2 juggernauts
  Sojobo (Vaults:4)
  Bai Suzhen (Vaults:5)
  Margery (Vaults:2)
  Saint Roka (Vaults:1)
  5 caustic shrikes
  Geryon (Hell)
  9 golden dragons
  18 bone dragons
  11 liches
  12 Brimstone Fiends
  A hellephant (Abyss:3)
  6 tentacled monstrosities
  14 titans
  3 Hell Sentinels
  A shard shrike skeleton (Crypt:1)
  3 quicksilver dragons
  Asterion (Depths:2)
  Murray (Depths:1)
  11 deep elf blademasters
  24 tentacled starspawn
  4 sphinxes
  Gastronok (Lair:2)
  2 ancient champions
  Kirke (D:15)
  3 Executioners
  2 thorn hunters
  Roxanne (Elf:2)
  2 draconian monks
  5 shadow dragons
  Agnes (D:15)
  8 tengu reavers
  4 storm dragons (Vaults:5)
  3 revenants
  31 fire giants
  Aizul (Spider:3)
  A draconian scorcher (Depths:5)
  6 deep elf sorcerers
  A draconian knight (Hell)
  2 iron dragons
  A draconian stormcaller (Abyss:4)
  Louise (Spider:2)
  15 vault wardens
  17 frost giants
  4 ghost moths (Spider:4)
  5 cacodemons
  2 orc warlords
  12 balrugs
  2 ghouls (Crypt:2)
  6 emperor scorpions
  A caustic shrike skeleton (Crypt:2)
  3 curse skulls
  3 deep elf elementalists (Elf:3)
  An angel (Abyss:3)
  10 ironheart preservers
  The ghost of drasked the Thaumaturge, a journeyman DEWz of Vehumet (Spider:1)
  A caustic shrike zombie (Hell)
  35 stone giants
  12 reapers
  6 spriggan defenders
  15 very ugly things
  4 entropy weavers
  A draconian annihilator (Abyss:1)
  3 war gargoyles
  2 ophanim (Abyss:3)
  6 black draconians
  3 deep elf demonologists
  A dire elephant (D:15)
  2 purple draconians
  7 lorocyprocas
  6 vampire knights
  A green draconian (Abyss:3)
  6 spark wasps
  10 deep elf annihilators
  10 eidola
  5 red draconians
  8 ettins
  A crystal guardian (Abyss:3)
  A merfolk javelineer (Depths:2)
  2 yellow draconians
  A green death (Abyss:3)
  2 quicksilver dragon zombies
  2 blizzard demons
  A merfolk impaler (Depths:2)
  17 deep elf death magi
  2 mummy priests
  10 fire dragons
  12 jiangshi
  6 deep elf high priests
  A fire dragon (shapeshifter) (Depths:2)
  A great orb of eyes (shapeshifter) (Vaults:5)
  5 great orbs of eyes
  9 ice dragons
  An ice dragon (shapeshifter) (Elf:3)
  15 yaktaur captains
  34 hydras
  30 vault guards
  4 rakshasas
  3 quicksilver dragon skeletons
  7 spriggan air magi
  A catoblepas (Lair:2)
  A ghost crab (Swamp:4)
  A hell beast (Depths:1)
  Erica (D:9)
  8 centaur warriors
  5 shambling mangroves
  12 ogre magi
  4 death knights
  23 two-headed ogres
  11 deep troll shamans
  21 dancing weapons
  3 tengu warriors
  6 deep troll earth magi
  15 alligators
  21 thrashing horrors
  8 vampire magi
  11 spriggan berserkers
  8 death yaks
  11 sun demons
  43 hell hogs
  52 hell knights
  2 titan zombies
  4 orc high priests (Orc:2)
  2 storm dragon zombies (Geh:1)
  9 soul eaters
  30 deep elf knights
  A salamander mystic (Depths:4)
  2 iron golems
  2 shadow wraiths
  7 sixfirhies
  12 skeletal warriors
  2 titan skeletons
  A golden dragon zombie (Geh:1)
  7 iron trolls
  18 wretched stars
  A death drake (Abyss:2)
  7 spatial maelstroms
  2 cherubim (Abyss:3)
  A fire crab (Volcano)
  4 unseen horrors
  A storm dragon skeleton (Geh:4)
  3 spriggan druids (Depths:3)
  4 wizards
  95 starcursed masses
  13 flayed ghosts
  A fire crab (shapeshifter) (Abyss:4)
  2 manticores
  34 small abominations
  A ghost moth zombie (Crypt:3)
  3 shadow dragon zombies
  An anaconda zombie (Geh:1)
  5 glowing orange brains
  The ghost of Stiffzip the Jinx, a novice SpEn of Ashenzari (D:12)
  2 deep trolls (shapeshifter)
  22 deep trolls
  An obsidian statue (Volcano)
  54 large abominations
  14 deep elf archers
  4 golden dragon skeletons
  9 swamp dragons
  Pikel (D:9)
  42 wolf spiders
  3 wolf spider zombies
  4 anaconda skeletons
  2 lindwurms
  14 phantasmal warriors
  13 ironbrand convokers
  14 orc knights
  A faun (shapeshifter) (Depths:5)
  28 necromancers
  4 frost giant zombies
  An iron dragon zombie (Crypt:3)
  19 orb spiders
  9 orc sorcerers
  64 deep elf magi
  An oklob plant (D:13)
  6 worldbinders
  32 ugly things
  4 salamanders
  4 moths of wrath
  2 stone giant zombies
  5 fire giant zombies
  A shining eye (shapeshifter) (Depths:5)
  A guardian serpent (Abyss:3)
  3 dire elephant zombies
  3 iron dragon skeletons
  A water nymph (shapeshifter) (D:15)
  2 black mambas (shapeshifter)
  A spriggan zombie (Hell)
  3 molten gargoyles (Geh:7)
  4 black mambas
  A fire giant skeleton (Geh:6)
  3 ice statues
  A dire elephant skeleton (Geh:7)
  An eye of devastation (shapeshifter) (Depths:5)
  3 elephants
  11 rust devils
  3 stone giant skeletons
  2 frost giant skeletons
  8 spiny frogs
  5 torpor snails
  7 apocalypse crabs
  17 smoke demons
  8 vault sentinels
  4 orange demons
  2 yaktaur zombies
  2 gargoyles
  A shock serpent skeleton (Geh:7)
  2 kobold demonologists (D:14)
  43 yaktaurs
  A catoblepas zombie (Geh:1)
  15 hellions
  13 demonic crawlers
  A minotaur zombie (Crypt:3)
  7 rime drakes
  7 komodo dragons
  An iron troll zombie (Crypt:1)
  11 efreet
  18 hellwings
  A green draconian skeleton (Crypt:1)
  An ice devil (Abyss:3)
  5 hydra zombies
  3 tormentors
  16 freezing wraiths
  A komodo dragon (shapeshifter) (Vaults:4)
  4 tengu conjurers
  A catoblepas skeleton (Crypt:3)
  22 ancient zymes
  A sea snake skeleton (Crypt:1)
  6 meliai
  3 guardian mummies (Crypt:3)
  7 trolls
  A purple draconian skeleton (Crypt:2)
  A red draconian skeleton (Crypt:1)
  27 jumping spiders
  15 red devils
  A queen bee (Depths:2)
  A harpy zombie (Geh:4)
  10 polar bears
  17 tyrant leeches
  26 hornets
  2 harpy skeletons
  A wolf spider simulacrum (Abyss:3)
  14 slime creatures
  2 spectral guardian serpents (Crypt:2)
  4 hydra skeletons
  34 blink frogs
  10 hippogriffs
  A raiju (shapeshifter) (Vaults:5)
  30 raiju
  2 dream sheep (D:12)
  12 bog bodies
  5 ettin zombies
  4 fire dragon zombies
  6 ice dragon zombies
  2 deep troll zombies (Hell)
  2 hippogriffs (shapeshifter)
  A stone giant simulacrum (Depths:1)
  3 ettin skeletons
  111 redbacks
  29 flying skulls
  Sigmund (D:5)
  3 ice dragon skeletons
  19 shadows
  35 tarantellas
  A spriggan skeleton (Depths:1)
  4 wyverns
  2 fire dragon skeletons
  14 ynoxinuls
  4 air elementals
  A vampire (D:15)
  A black mamba zombie (Geh:6)
  18 wraiths
  A yak (shapeshifter) (Depths:3)
  66 yaks
  16 spriggans
  18 water elementals
  6 hogs (D:15)
  A hog (shapeshifter) (Elf:3)
  2 black mamba skeletons
  10 fire bats
  An alligator skeleton (Geh:6)
  Grum (D:9)
  9 chaos spawn
  21 fire elementals
  19 vampire mosquitoes
  2 steam dragons (Lair:6)
  A catoblepas simulacrum (Abyss:4)
  6 basilisks
  A basilisk (shapeshifter) (Vaults:5)
  19 neqoxecs
  A wind drake skeleton (Crypt:2)
  7 hungry ghosts
  2 spriggan simulacra (Depths:1)
  24 swamp worms
  8 wargs
  A naga (shapeshifter) (Depths:2)
  46 insubstantial wisps
  A soldier ant (D:11)
  A spiny frog zombie (Hell)
  48 hell hounds
  5 acid dragons
  13 water moccasins
  13 spatial vortices
  A floating eye (Depths:4)
  15 porcupines
  14 swamp drakes
  66 orc warriors
  6 sky beasts
  2 manticore zombies
  25 ice beasts
  4 snapping turtle zombies
  5 spiny frog skeletons
  37 ogres
  13 black bears
  An eye of draining (shapeshifter) (Vaults:2)
  A gelid demonspawn skeleton (Crypt:2)
  2 hornet zombies
  An eye of draining (D:14)
  6 necrophages
  2 phantoms
  A boggart (Elf:2)
  A wolf (shapeshifter) (Vaults:5)
  47 wolves
  17 centaurs
  A snapping turtle skeleton (Crypt:2)
  10 crocodiles
  8 big kobolds
  A draconian zombie (Crypt:1)
  Blork the orc (D:5)
  16 bullfrogs
  2 wyvern zombies
  2 earth elementals
  A cyclops skeleton (Crypt:2)
  8 wyvern skeletons
  12 scorpions
  44 wights
  30 killer bees
  A yak skeleton (Crypt:1)
  3 electric eels
  A howler monkey (D:8)
  4 lava snakes (Volcano)
  10 crimson imps
  9 quasits
  5 human zombies
  A gnoll shaman (Orc:2)
  3 hounds
  6 jellies
  5 iron imps (Abyss:3)
  34 orc priests
  7 centaur zombies
  6 centaur skeletons
  6 iguanas
  38 orc wizards
  A human skeleton (Crypt:3)
  4 hell rats (Lair:5)
  5 worker ants
  A killer bee zombie (Crypt:2)
  A demigod zombie (Crypt:1)
  A naga zombie (Geh:4)
  2 big kobold zombies (Ossuary)
  A deep dwarf skeleton (Crypt:2)
  2 hound skeletons
  3 mummies (Ossuary)
  A worker ant zombie (D:9)
  6 gnolls
  2 howler monkey skeletons
  A scorpion zombie (Ossuary)
  11 adders
  6 shadow imps
  7 white imps
  4 ufetubi
  3 oozes (Lair:6)
  An adder zombie (D:7)
  An iguana zombie (Crypt:1)
  An adder skeleton (D:5)
  A worm (D:2)
  4 dart slugs
  4 leopard geckos
  154 orcs
  10 bats
  8 giant cockroaches
  6 goblins
  12 hobgoblins
  11 jackals
  24 kobolds
  2 quokkas
  4 frilled lizards
  4 gnoll zombies
  A hobgoblin zombie (Ossuary)
  A jackal skeleton (D:8)
  5 kobold zombies (Ossuary)
  A leopard gecko skeleton (D:8)
  An orc skeleton (Crypt:2)
  4 orc zombies
  8 rats
  2 crawling corpses (Elf:3)
  A fire vortex (Geh:7)
  2 fungi
  2 plants (Lair:6)
  26 starspawn tentacles
  6 withered plants (Crypt:3)
3576 creatures vanquished.

Vanquished Creatures (collateral kills)
  A tentacled monstrosity (Depths:2)
  A tengu reaver (Depths:2)
  A frost giant (Depths:2)
  A balrug (Geh:7)
  An angel (Abyss:3)
  A spark wasp (Depths:2)
  A green death (WizLab)
  3 two-headed ogres
  A dancing weapon (Abyss:3)
  A swamp dragon (Lair:6)
  A wolf spider (Spider:1)
  A hellion (WizLab)
  A komodo dragon (Lair:6)
  3 tyrant leeches (Spider:1)
  A ynoxinul (WizLab)
  A basilisk (Lair:6)
  A water moccasin (Lair:2)
  2 orc warriors (Orc:1)
  3 ogres
  A gnoll sergeant (D:11)
  An orc priest (Orc:1)
  An orc wizard (Orc:1)
  A gnoll (D:11)
  2 orcs
  2 jackals (D:11)
34 creatures vanquished.

Vanquished Creatures (others)
  Nikola (Swamp:1)
  3 deep elf master archers
  A storm dragon (Vaults:5)
  A draconian stormcaller (Depths:5)
  A very ugly thing (Depths:2)
  A stone giant (Vaults:5)
  A quicksilver dragon zombie (Abyss:2)
  3 great orbs of eyes (shapeshifter) (Abyss:4)
  A deep elf high priest (Elf:3)
  7 yaktaur captains
  3 great orbs of eyes
  A dancing weapon (Elf:3)
  3 hell hogs
  A thrashing horror (Abyss:4)
  A deep elf knight (Hell)
  A hell knight (Geh:7)
  An iron troll (Depths:4)
  7 glowing orange brains (Abyss:3)
  2 deep elf archers
  2 unseen horrors
  An orb spider (Spider:4)
  3 shining eyes (Abyss:3)
  2 deep elf magi
  A cyclops (Vaults:2)
  A manticore (D:15)
  A guardian serpent (shapeshifter) (Abyss:4)
  3 eyes of devastation
  A spiny frog (Lair:2)
  A smoke demon (Abyss:4)
  A hellion (Geh:7)
  11 yaktaurs
  A freezing wraith (Vaults:2)
  11 slime creatures (Abyss:3)
  5 raiju (Abyss:3)
  2 hornets (Swamp:4)
  A snapping turtle (shapeshifter) (Abyss:4)
  8 large abominations (Abyss:3)
  2 flying skulls (Abyss:3)
  2 spriggans (Swamp:4)
  7 golden eyes
  A swamp worm (Swamp:1)
  A spiny frog zombie (Geh:7)
  10 eyes of draining (Abyss:3)
  A swamp drake (Swamp:4)
  4 slaves (D:9)
  2 orc warriors (Orc:1)
  A fire dragon simulacrum (Abyss:3)
  A necrophage (Geh:2)
  5 centaurs
  7 small abominations (Abyss:3)
  93 jellies
  A crimson imp (Abyss:3)
  A starcursed mass (Abyss:2)
  A worker ant (D:14)
  2 ufetubi (Abyss:3)
  2 orcs
  A kobold (D:14)
  3 fungi (Lair:6)
  10 lurking horrors
  4 macabre masses (Abyss:3)
  19 plants
  40 starspawn tentacles
317 creatures vanquished.

Grand Total: 3927 creatures vanquished

Notes
Turn   | Place    | Note
-------+----------+-------------------------------------------
     0 | D:1      | Inarius the Demonspawn Hunter began the quest for the Orb.
     0 | D:1      | Reached XP level 1. HP: 16/16 MP: 1/1
   322 | D:1      | Gained mutation: You have a pair of small antennae on your
                  | head. [demonic ancestry]
   322 | D:1      | Reached XP level 2. HP: 16/22 MP: 2/2
   884 | D:1      | Gained mutation: You sometimes gain a little power by
                  | taking damage. [demonic ancestry]
   884 | D:1      | Reached XP level 3. HP: 27/27 MP: 3/3
  1646 | D:2      | Found a shattered altar of Ashenzari.
  1975 | D:2      | Gained mutation: You are partially covered in rugged brown
                  | scales. (AC +1, +3% HP) [demonic ancestry]
  1975 | D:2      | Reached XP level 4. HP: 27/35 MP: 4/4
  2224 | D:2      | Reached skill level 1 in Armour
  2963 | D:4      | Reached XP level 5. HP: 42/42 MP: 5/5
  3463 | D:5      | Entered Level 5 of the Dungeon
  3568 | D:5      | Noticed Blork the orc
  3572 | D:5      | Killed Blork the orc
  3572 | D:5      | Gained mutation: You have a pair of antennae on your head.
                  | [demonic ancestry]
  3572 | D:5      | Reached XP level 6. HP: 49/49 MP: 6/6
  3854 | D:5      | Reached skill level 5 in Throwing
  3871 | D:5      | Noticed Sigmund
  3882 | D:5      | Killed Sigmund
  3882 | D:5      | Reached skill level 1 in Axes
  3882 | D:5      | Gained mutation: When hurt, damage is shared between your
                  | health and your magic reserves. [demonic ancestry]
  3882 | D:5      | Reached XP level 7. HP: 55/55 MP: 7/7
  4097 | D:5      | You fall into a shaft and drop 1 floor!
  4097 | D:6      | Found a hazy altar of Hepliaklqana.
  4247 | D:6      | Found a glowing golden altar of the Shining One.
  4366 | D:6      | Found an ancient bone altar of Kikubaaqudgha.
  4395 | D:6      | Reached skill level 2 in Axes
  4622 | D:5      | Found an iron altar of Okawaru.
  4639 | D:5      | Became a worshipper of Warmaster Okawaru
  4888 | D:5      | Reached skill level 1 in Evocations
  5048 | D:6      | Found an ancient bone altar of Kikubaaqudgha.
  5118 | D:6      | Found a staircase to the Ecumenical Temple.
  5232 | D:7      | Reached skill level 3 in Axes
  5241 | D:7      | Reached XP level 8. HP: 52/62 MP: 8/8
  5244 | D:7      | Reached skill level 5 in Fighting
  5459 | D:7      | Reached * piety under Okawaru
  5459 | D:7      | Reached skill level 4 in Axes
  5552 | D:7      | Found a blossoming altar of Fedhas.
  5688 | D:7      | Reached skill level 1 in Shields
  5702 | D:7      | Found a snail-covered altar of Cheibriados.
  5734 | D:7      | Noticed a hippogriff
  5744 | D:7      | Killed a hippogriff
  5744 | D:7      | Reached skill level 5 in Axes
  5750 | D:7      | Reached ** piety under Okawaru
  5864 | D:7      | Noticed a hippogriff
  5875 | D:7      | Killed a hippogriff
  5875 | D:7      | Reached skill level 6 in Axes
  5875 | D:7      | Reached XP level 9. HP: 69/70 MP: 9/11
  5942 | D:7      | Found a burning altar of Makhleb.
  5975 | D:7      | Got a slimy rapier
  5976 | D:7      | Identified the +5 rapier of Domination {pierce, rC+} (You
                  | found it on level 7 of the Dungeon)
  6388 | D:8      | Reached skill level 7 in Axes
  6481 | D:8      | Found a sand-covered staircase.
  6498 | Ossuary  | Entered an ossuary
  6617 | Ossuary  | Reached *** piety under Okawaru
  7416 | D:8      | Found the +15 Maxwell's patent armour {-Cast -Tele rElec
                  | MR+ rCorr}
  7576 | D:8      | Reached skill level 8 in Axes
  7978 | D:9      | Reached **** piety under Okawaru
  7978 | D:9      | Gained mutation: You have a pair of large antennae on your
                  | head. (SInv) [demonic ancestry]
  7978 | D:9      | Reached XP level 10. HP: 74/78 MP: 13/13
  8071 | D:9      | Reached skill level 5 in Armour
  8072 | D:9      | Found a basalt altar of Yredelemnul.
  8233 | D:9      | Noticed Erica
  8247 | D:9      | Killed Erica
  8284 | D:9      | Noticed Pikel
  8298 | D:9      | Reached skill level 9 in Axes
  8299 | D:9      | Killed Pikel
  8299 | D:9      | Reached ***** piety under Okawaru
  8306 | D:9      | Noticed Grum
  8310 | D:9      | Received a gift from Okawaru
  8328 | D:9      | Reached skill level 10 in Axes
  8344 | D:9      | Killed Grum
  8534 | D:9      | Found a runed translucent door.
  8556 | D:9      | Noticed an orange crystal statue
  8565 | D:9      | Found the +10 large shield of Ignorance {rN+ Int-4}
  8576 | D:9      | Found a runed translucent door.
  8710 | D:9      | Received a gift from Okawaru
  8710 | D:9      | Reached skill level 5 in Evocations
  8713 | D:9      | Got a bloodstained plate armour {god gift}
  8724 | D:9      | Identified the +0 plate armour of Duty {Dex+3} (Okawaru
                  | gifted it to you on level 9 of the Dungeon)
  8820 | D:10     | Entered Level 10 of the Dungeon
  9127 | D:10     | Noticed a death yak
  9128 | D:10     | Noticed a death yak
  9143 | D:10     | Noticed a death yak
  9143 | D:10     | Noticed a death yak
  9145 | D:10     | Killed a death yak
  9145 | D:10     | Reached XP level 11. HP: 85/85 MP: 14/14
  9147 | D:10     | Killed a death yak
  9170 | D:10     | Killed a death yak
  9170 | D:10     | Reached skill level 11 in Axes
  9177 | D:10     | Killed a death yak
  9242 | D:10     | Found a staircase to the Lair.
  9296 | D:10     | Noticed a two-headed ogre
  9306 | D:10     | Killed a two-headed ogre
  9353 | D:10     | Found a staircase to the Orcish Mines.
  9390 | D:10     | Received a gift from Okawaru
 10084 | D:11     | Received a gift from Okawaru
 10138 | D:11     | Reached skill level 12 in Axes
 10313 | D:11     | Noticed an unseen horror
 10340 | D:11     | Killed an unseen horror
 10340 | D:11     | Received a gift from Okawaru
 10374 | D:11     | Noticed a two-headed ogre
 10381 | D:11     | Killed a two-headed ogre
 10426 | D:11     | Killed a manticore
 10636 | D:11     | Reached XP level 12. HP: 93/93 MP: 16/16
 10903 | Lair:1   | Entered Level 1 of the Lair of Beasts
 10948 | Lair:1   | Reached ****** piety under Okawaru
 10950 | Lair:1   | Received a gift from Okawaru
 10975 | Lair:1   | Got a slimy spear {god gift}
 10980 | Lair:1   | Identified the +5 spear of Taockep {drain, rElec rF+}
                  | (Okawaru gifted it to you on level 1 of the Lair of Beasts)
 11038 | Lair:1   | Noticed a six-headed hydra
 11048 | Lair:1   | Killed a six-headed hydra
 11350 | Lair:1   | Reached skill level 13 in Axes
 11520 | Lair:1   | Received a gift from Okawaru
 11741 | Lair:1   | Noticed a five-headed hydra
 11747 | Lair:1   | Killed a five-headed hydra
 12123 | Lair:2   | Found a dark tunnel.
 12169 | Volcano  | Entered a volcano
 12420 | Volcano  | Received a gift from Okawaru
 12493 | Volcano  | Found a radiant altar of Vehumet.
 12571 | Volcano  | Got a polished ring mail {god gift}
 12670 | Volcano  | Gained mutation: You are mostly covered in rugged brown
                  | scales. (AC +2, +5% HP) [demonic ancestry]
 12670 | Volcano  | Reached XP level 13. HP: 83/103 MP: 16/18
 12747 | Volcano  | Gained mutation: Your spells are a little easier to cast,
                  | but a little less powerful. [a neqoxec]
 12754 | Volcano  | Gained mutation: Your magical capacity is low. (-10% MP) [a
                  | neqoxec]
 12864 | Volcano  | Identified the +4 ring mail "Ruiricy" {rElec Dex+4 Stlth-}
                  | (Okawaru gifted it to you in a volcano)
 13223 | Lair:2   | Noticed Gastronok
 13286 | Lair:2   | Killed Gastronok
 13286 | Lair:2   | Reached skill level 14 in Axes
 14037 | Lair:3   | Found a hole to the Spider Nest.
 14090 | Lair:3   | Reached skill level 1 in Polearms
 14143 | Lair:3   | Received a gift from Okawaru
 14151 | Lair:3   | Got a pair of jewelled boots {god gift}
 14163 | Lair:3   | Identified the +3 pair of boots of Jutwoadi {rPois rF+
                  | MP+9} (Okawaru gifted it to you on level 3 of the Lair of
                  | Beasts)
 15004 | Lair:4   | Found a staircase to the Swamp.
 15187 | Lair:4   | Reached skill level 15 in Axes
 15251 | Lair:4   | Reached skill level 1 in Invocations
 15491 | Lair:4   | Gained mutation: You resist negative energy. (rN+) [demonic
                  | ancestry]
 15491 | Lair:4   | Reached XP level 14. HP: 95/113 MP: 18/18
 16020 | Lair:5   | Received a gift from Okawaru
 16271 | Lair:5   | You fall into a shaft and drop 1 floor!
 16271 | Lair:6   | Entered Level 6 of the Lair of Beasts
 16271 | Lair:6   | Found a runed translucent door.
 16276 | Lair:6   | Found a viscous altar of Jiyva.
 16277 | Lair:6   | Found a staircase to the Slime Pits.
 16357 | Lair:6   | Received a gift from Okawaru
 16950 | Lair:6   | Received a gift from Okawaru
 17945 | Lair:6   | Reached skill level 5 in Invocations
 18017 | Lair:6   | Reached skill level 16 in Axes
 18518 | Lair:6   | Received a gift from Okawaru
 18864 | Orc:1    | Entered Level 1 of the Orcish Mines
 18918 | Orc:1    | Noticed an orc warlord
 18969 | Orc:1    | Killed an orc warlord
 18969 | Orc:1    | Reached skill level 10 in Evocations
 19500 | Orc:2    | Entered Level 2 of the Orcish Mines
 19526 | Orc:2    | Gained mutation: You are somewhat able to resist unholy
                  | torments (1 in 2 success). [demonic ancestry]
 19526 | Orc:2    | Reached XP level 15. HP: 120/120 MP: 20/20
 19592 | Orc:2    | Reached skill level 10 in Fighting
 19774 | Orc:2    | Received a gift from Okawaru
 19956 | Lair:6   | Got a shimmering plate armour {god gift}
 19967 | Lair:6   | Identified the +7 plate armour of Qiulat {+Inv rCorr Int-2}
                  | (Okawaru gifted it to you on level 6 of the Lair of Beasts)
 20167 | Orc:2    | Found Noraif's Magic Scroll Emporium.
 20253 | Orc:2    | Found Zouliant's Gadget Shoppe.
 20288 | Orc:2    | Paralysed by an orc sorcerer for 7 turns
 20341 | Orc:2    | Found a roughly hewn altar of Beogh.
 20354 | Orc:2    | Received a gift from Okawaru
 20357 | Orc:2    | Got a pair of ancient gloves {god gift}
 20363 | Orc:2    | Identified the +1 pair of gloves of Orthodoxy {Dex+5}
                  | (Okawaru gifted it to you on level 2 of the Orcish Mines)
 20719 | Orc:2    | Got a transparent platinum ring
 20721 | Orc:2    | Identified the ring of Ashenzari's Regard {rElec rF+ MR+
                  | Dex+4} (You found it on level 2 of the Orcish Mines)
 21114 | Orc:2    | Noticed an orc warlord
 21132 | Orc:2    | Found a roughly hewn altar of Beogh.
 21139 | Orc:2    | Killed an orc warlord
 21164 | Orc:2    | Reached skill level 5 in Shields
 21402 | Orc:2    | Found Uqan's Jewellery Emporium.
 21409 | Orc:2    | Bought the ring of Light {rC+ rN+ Str+2 Int+2 Dex+4} for
                  | 689 gold pieces
 21470 | Orc:2    | Found Otazeej's Antique Armour Boutique.
 21557 | Orc:2    | Found a staircase to the Elven Halls.
 21772 | Orc:2    | Bought a wand of iceblast (9) for 156 gold pieces
 21782 | Orc:2    | Bought 2 scrolls of identify for 56 gold pieces
 21782 | Orc:2    | Bought a scroll of identify for 28 gold pieces
 21782 | Orc:2    | Bought a scroll of blinking for 105 gold pieces
 21782 | Orc:2    | Bought 3 scrolls of teleportation for 126 gold pieces
 22090 | D:12     | Found a transporter.
 22091 | D:12     | Found a transporter.
 22092 | D:12     | Identified the cursed +2 dire flail "Jeotebas" {venom,
                  | +Rage}
 22093 | D:12     | Noticed Stiffzip's ghost (novice SpEn)
 22726 | D:13     | Found a frozen archway.
 22756 | IceCv    | Entered an ice cave
 22919 | IceCv    | Received a gift from Okawaru
 22922 | IceCv    | Got a translucent scale mail {god gift}
 22933 | IceCv    | Identified the +3 scale mail "Lohedui" {Str-4 Int+6 Dex-5
                  | Slay+5} (Okawaru gifted it to you in an ice cave)
 23558 | D:13     | Found an ornate altar of the Wu Jian Council.
 24022 | D:14     | Reached skill level 17 in Axes
 24285 | D:14     | Identified a scroll of acquirement
 24310 | D:14     | Found a gate to the Vaults.
 24747 | D:15     | Entered Level 15 of the Dungeon
 24854 | D:15     | Gained mutation: You sometimes gain power by taking damage.
                  | [demonic ancestry]
 24854 | D:15     | Reached XP level 16. HP: 131/131 MP: 21/21
 24893 | D:15     | Found Piuss's Food Shoppe.
 24959 | D:15     | Noticed Kirke
 24960 | D:15     | Found a staircase to the Depths.
 24980 | D:15     | Noticed a sphinx
 24984 | D:15     | Killed Kirke
 24984 | D:15     | Received a gift from Okawaru
 25011 | D:15     | Found Ocloiss's Gadget Shoppe.
 25017 | D:15     | Bought a wand of acid (8) for 264 gold pieces
 25349 | D:15     | Noticed Agnes
 25350 | D:15     | Found Mapsif's Weapon Boutique.
 25365 | D:15     | Killed Agnes
 25522 | D:15     | Found Byri's Gadget Boutique.
 25523 | D:15     | Found Ynular's Armour Shop.
 25538 | D:15     | Bought a wand of acid (5) for 288 gold pieces
 25923 | Spider:1 | Entered Level 1 of the Spider Nest
 26865 | Spider:1 | Received a gift from Okawaru
 27131 | Spider:1 | Found a large runed translucent door.
 27131 | Spider:1 | Found a large runed translucent door.
 27135 | Spider:1 | Noticed drasked's ghost (journeyman DEWz)
 27615 | Spider:1 | Killed drasked's ghost
 28011 | Spider:2 | Noticed Louise
 28019 | Spider:2 | Killed Louise
 28128 | Spider:2 | Found the +0 mask of the Dragon {MR+ Slay+3 SInv}
 28249 | Spider:2 | Reached skill level 18 in Axes
 28954 | Spider:3 | Reached XP level 17. HP: 108/139 MP: 23/23
 29187 | Spider:3 | Found a transporter.
 29219 | Spider:3 | Noticed Aizul
 29243 | Spider:3 | Killed Aizul
 29474 | Spider:3 | Found a transporter.
 29608 | Spider:3 | Received a gift from Okawaru
 29653 | Spider:3 | Received a gift from Okawaru
 29671 | Spider:3 | Identified the +7 eveningstar of Okawaru's Approval {crush,
                  | rPois MP+9 Dex+2} (Okawaru gifted it to you on level 3 of
                  | the Spider Nest)
 30241 | Spider:4 | Entered Level 4 of the Spider Nest
 30714 | Spider:4 | Reached skill level 10 in Shields
 30716 | Spider:4 | Received a gift from Okawaru
 30919 | Spider:4 | Received a gift from Okawaru
 31131 | Spider:4 | Got a gossamer rune of Zot
 31189 | Spider:4 | Received a gift from Okawaru
 31843 | Swamp:1  | Entered Level 1 of the Swamp
 32037 | Swamp:1  | Gained mutation: You regenerate magic rapidly. [demonic
                  | ancestry]
 32037 | Swamp:1  | Reached XP level 18. HP: 126/148 MP: 24/24
 32041 | Swamp:1  | Noticed Nikola
 32168 | Swamp:1  | Killed Nikola
 33972 | Swamp:3  | Got a scintillating silver ring
 34127 | Swamp:3  | Reached skill level 1 in Maces & Flails
 34592 | Swamp:4  | Entered Level 4 of the Swamp
 34607 | Swamp:3  | Received a gift from Okawaru
 34607 | Swamp:3  | Reached skill level 19 in Axes
 35204 | Swamp:4  | Identified the ring of Dexkaem {rF++ rC- rN+ Str+3} (You
                  | found it on level 3 of the Swamp)
 35552 | Swamp:4  | Received a gift from Okawaru
 35718 | Swamp:4  | Got a decaying rune of Zot
 36627 | Elf:1    | Entered Level 1 of the Elven Halls
 36882 | Elf:1    | Reached skill level 10 in Armour
 37040 | Elf:1    | Found a radiant altar of Vehumet.
 37052 | Elf:1    | Found Wyraicit's Assorted Antiques.
 37254 | Elf:1    | Gained mutation: Your melee attacks may debilitate your
                  | foes. [demonic ancestry]
 37254 | Elf:1    | Reached XP level 19. HP: 121/156 MP: 25/25
 37587 | Elf:1    | Identified Zeykhak's Compendium of Attacks
 37719 | Elf:2    | Found a magical portal.
 37756 | WizLab   | Entered Doroklohe's Tomb
 37991 | WizLab   | Gained mutation: You are dopey. (Int -2) [a cacodemon]
 37992 | WizLab   | Gained mutation: You tend to lose your temper in combat. [a
                  | cacodemon]
 37995 | WizLab   | Gained mutation: You are clumsy. (Dex -2) [a cacodemon]
 38009 | WizLab   | Received a gift from Okawaru
 38016 | WizLab   | Reached skill level 5 in Dodging
 38017 | WizLab   | Gained mutation: Armour fits poorly on your strangely
                  | shaped body. [a neqoxec]
 38097 | WizLab   | Lost mutation: Your magical capacity is low. (-10% MP)
                  | [potion of mutation]
 38097 | WizLab   | Lost mutation: You are dopey. (Int -2) [potion of mutation]
 38097 | WizLab   | Lost mutation: You are clumsy. (Dex -2) [potion of
                  | mutation]
 38097 | WizLab   | Gained mutation: You expend magic power (3 MP) to
                  | strengthen your wands. [potion of mutation]
 38098 | WizLab   | Lost mutation: You tend to lose your temper in combat.
                  | [potion of mutation]
 38098 | WizLab   | Lost mutation: Armour fits poorly on your strangely shaped
                  | body. [potion of mutation]
 38098 | WizLab   | Gained mutation: You tend to lose your temper in combat.
                  | [potion of mutation]
 38098 | WizLab   | Gained mutation: You are agile. (Dex +2) [potion of
                  | mutation]
 38099 | WizLab   | Lost mutation: You are agile. (Dex +2) [potion of mutation]
 38099 | WizLab   | Lost mutation: You tend to lose your temper in combat.
                  | [potion of mutation]
 38099 | WizLab   | Gained mutation: You are agile. (Dex +2) [potion of
                  | mutation]
 38099 | WizLab   | Gained mutation: You are very agile. (Dex +4) [potion of
                  | mutation]
 38099 | WizLab   | Gained mutation: You are weak. (Str -2) [potion of
                  | mutation]
 38099 | WizLab   | Gained mutation: You possess an exceptional clarity of
                  | mind. [potion of mutation]
 38477 | Elf:2    | Found a runed translucent gate.
 38478 | Elf:2    | Found a runed translucent gate.
 38479 | Elf:2    | Found a runed translucent gate.
 38565 | Elf:2    | Identified Roxanne's Catalogue of Earth
 38565 | Elf:2    | Noticed Roxanne
 38620 | Elf:2    | Killed Roxanne
 39042 | Elf:2    | Received a gift from Okawaru
 39099 | Elf:2    | Reached skill level 10 in Invocations
 39180 | Elf:2    | Received a gift from Okawaru
 39446 | Elf:3    | Entered Level 3 of the Elven Halls
 39576 | Elf:3    | Found Danoprey's Food Boutique.
 40044 | Vaults:1 | Entered Level 1 of the Vaults
 40044 | Vaults:1 | Noticed Saint Roka
 40068 | Vaults:1 | Killed Saint Roka
 40276 | Vaults:1 | Received a gift from Okawaru
 40378 | Vaults:1 | Identified the +6 scale mail of Mezcal {MR+ Dex+7 Stlth+}
                  | (Okawaru gifted it to you on level 1 of the Vaults)
 40497 | Vaults:1 | Reached skill level 20 in Axes
 40720 | Vaults:1 | Reached XP level 20. HP: 134/165 MP: 29/29
 41102 | Vaults:1 | Found Afuessir's Weapon Boutique.
 41825 | Vaults:2 | Noticed Margery
 41850 | Vaults:2 | Killed Margery
 41850 | Vaults:2 | Received a gift from Okawaru
 42695 | Vaults:3 | Found a staircase to the Crypt.
 42695 | Vaults:3 | Found a basalt altar of Yredelemnul.
 42696 | Vaults:3 | Found an ancient bone altar of Kikubaaqudgha.
 43289 | Vaults:3 | Reached skill level 1 in Stealth
 43346 | Vaults:3 | Found a sacrificial altar of Ru.
 43822 | Vaults:4 | Noticed Sojobo
 43865 | Vaults:4 | Killed Sojobo
 43865 | Vaults:4 | Received a gift from Okawaru
 44502 | Vaults:4 | Reached XP level 21. HP: 151/175 MP: 30/30
 44617 | Vaults:4 | Reached skill level 21 in Axes
 44859 | Vaults:4 | Reached skill level 15 in Fighting
 45038 | Vaults:4 | Upgraded the game from 0.24-a0-464-g6b2be6b8c7 to
                  | 0.24-a0-471-g3302cd442e
 45516 | Depths:1 | Entered Level 1 of the Depths
 45951 | Depths:1 | Found a one-way gate to the infinite horrors of the Abyss.
 46014 | Depths:1 | Found a stormy altar of Qazlal.
 46112 | Depths:1 | Found a gateway to Hell.
 46169 | Depths:1 | Found Xezorah's Armour Shop.
 46641 | Depths:2 | Received a gift from Okawaru
 46706 | Depths:2 | Noticed Asterion
 46723 | Depths:2 | Killed Asterion
 46892 | Depths:2 | Received a gift from Okawaru
 46892 | Depths:2 | Reached skill level 15 in Shields
 47211 | Depths:2 | Received a gift from Okawaru
 47222 | Depths:2 | Identified the +2 great sword of the Goat {slice, rN+ Int+2
                  | Dex+4 SInv} (You found it on level 2 of the Depths)
 47506 | Depths:2 | Noticed a caustic shrike
 47506 | Depths:2 | Noticed a juggernaut
 47525 | Depths:2 | Killed a juggernaut
 47528 | Depths:2 | Killed a caustic shrike
 47528 | Depths:2 | Received a gift from Okawaru
 48292 | Depths:2 | Noticed a golden dragon
 48376 | Depths:2 | Found a runed translucent door.
 48740 | Depths:2 | Identified the ring "Uckul" {Dex+3 Slay+4 SInv}
 48956 | Depths:2 | Noticed a caustic shrike
 48971 | Depths:2 | Received a gift from Okawaru
 48971 | Depths:2 | Reached XP level 22. HP: 128/184 MP: 23/31
 48985 | Depths:2 | Killed a caustic shrike
 48985 | Depths:2 | Received a gift from Okawaru
 48992 | Depths:2 | Killed a golden dragon
 50134 | Depths:3 | Found a gateway to a ziggurat.
 50544 | Depths:3 | Found a one-way gate leading to the halls of Pandemonium.
 50606 | Depths:3 | Reached skill level 22 in Axes
 50701 | Depths:4 | Noticed a caustic shrike
 50705 | Depths:4 | Noticed a caustic shrike
 50714 | Depths:3 | Killed a caustic shrike
 50772 | Depths:4 | Killed a caustic shrike
 51272 | Depths:4 | Received a gift from Okawaru
 51328 | Depths:4 | Received a gift from Okawaru
 51490 | Depths:4 | Noticed a caustic shrike
 51506 | Depths:4 | Killed a caustic shrike
 51627 | Depths:4 | Noticed a golden dragon
 51646 | Depths:4 | Noticed a golden dragon
 51647 | Depths:4 | Killed a golden dragon
 51670 | Depths:4 | Killed a golden dragon
 51686 | Depths:4 | Gained mutation: When low on magic, you restore magic in
                  | place of health. [demonic ancestry]
 51686 | Depths:4 | Reached XP level 23. HP: 113/194 MP: 32/32
 51694 | Depths:4 | Received a gift from Okawaru
 51742 | Depths:4 | Received a gift from Okawaru
 52018 | Depths:4 | Identified the +5 shield of the Queen {*Corrode Int+6} (You
                  | found it on level 4 of the Depths)
 52173 | Depths:4 | Identified the ring of Ymmaacef {rF+ rC+ EV+3 Int+2 Dex+3}
                  | (You found it on level 4 of the Depths)
 52350 | Depths:4 | Found Obooc's Antique Armour Shop.
 52353 | Depths:4 | Bought a pitted plate armour for 840 gold pieces
 52353 | Depths:4 | Identified the +8 plate armour of Zin's Displeasure {+Fly
                  | rPois Dex+5 Slay-5} (You bought it in a shop on level 4 of
                  | the Depths)
 52651 | Depths:4 | Paralysed by a floating eye for 2 turns
 52915 | Depths:5 | Entered Level 5 of the Depths
 52968 | Depths:5 | Received a gift from Okawaru
 52969 | Depths:5 | Found a gate to the Realm of Zot.
 53040 | Depths:5 | Received a gift from Okawaru
 53065 | Depths:5 | Identified the +0 large shield "Okkal" {rPois rC- rCorr
                  | Stlth+} (Okawaru gifted it to you on level 5 of the Depths)
 53081 | Depths:5 | Found a flickering gateway to a bazaar.
 53121 | Bazaar   | Entered a bazaar
 53121 | Bazaar   | Found Ycuedoni's Distillery.
 53121 | Bazaar   | Found Meozipla's Food Emporium.
 53128 | Bazaar   | Found Tekelule's Book Emporium.
 53139 | Bazaar   | Found Fenar's Jewellery Shoppe.
 53143 | Bazaar   | Bought a potion of mutation for 104 gold pieces
 53147 | Bazaar   | Bought a +5 amulet of reflection for 412 gold pieces
 53820 | Depths:5 | Got a slimy turquoise ring
 53852 | Depths:5 | Identified the ring "Fixt" {rPois rC+ Str+6 Stlth-} (You
                  | found it on level 5 of the Depths)
 54034 | Depths:5 | Found the +8 Wrath of Trog {antimagic, *Rage}
 54612 | D:12     | Killed Stiffzip's ghost
 55094 | Elf:3    | Identified the +6 halberd "Pearized" {antimagic, *Drain rF-
                  | rN+++ MR+ Stlth+}
 55094 | Elf:3    | Identified the amulet of the Middle {Harm *Drain Str-2
                  | Dex+4 Slay+4 SInv}
 55111 | Elf:3    | Reached skill level 23 in Axes
 55457 | Elf:3    | Gained mutation: You are powered by pain. [demonic
                  | ancestry]
 55457 | Elf:3    | Reached XP level 24. HP: 204/204 MP: 32/32
 55486 | Elf:3    | Received a gift from Okawaru
 55699 | Elf:3    | Identified the -5 pair of gloves of the Saviour {rPois rN+
                  | MR+} (Okawaru gifted it to you on level 3 of the Elven
                  | Halls)
 55745 | Elf:3    | Identified the ring "Sagrooxka" {Str+2 Dex+2}
 55775 | Elf:3    | Found the +8 storm bow {elec, penet}
 56320 | Crypt:1  | Entered Level 1 of the Crypt
 56341 | Crypt:1  | Found a huge runed gate.
 56341 | Crypt:1  | Found a huge runed gate.
 56341 | Crypt:1  | Found a huge runed gate.
 56342 | Crypt:1  | Found a huge runed gate.
 56345 | Crypt:1  | Found a huge runed gate.
 56345 | Crypt:1  | Found a huge runed gate.
 56345 | Crypt:1  | Found a huge runed gate.
 56345 | Crypt:1  | Found a huge runed gate.
 56345 | Crypt:1  | Found a huge runed gate.
 56345 | Crypt:1  | Found a huge runed gate.
 56345 | Crypt:1  | Found a huge runed gate.
 56373 | Crypt:1  | Found a huge runed gate.
 56373 | Crypt:1  | Found a huge runed gate.
 56373 | Crypt:1  | Found a huge runed gate.
 56373 | Crypt:1  | Found a huge runed gate.
 56373 | Crypt:1  | Found a huge runed gate.
 56373 | Crypt:1  | Found a huge runed gate.
 56373 | Crypt:1  | Found a huge runed gate.
 56373 | Crypt:1  | Found a huge runed gate.
 56373 | Crypt:1  | Found a huge runed gate.
 56373 | Crypt:1  | Found a huge runed gate.
 56583 | Crypt:1  | Found a huge runed gate.
 56583 | Crypt:1  | Found a huge runed gate.
 56583 | Crypt:1  | Found a huge runed gate.
 56583 | Crypt:1  | Found a huge runed gate.
 56583 | Crypt:1  | Found a huge runed gate.
 56584 | Crypt:1  | Found a huge runed gate.
 56585 | Crypt:1  | Found a huge runed gate.
 56587 | Crypt:1  | Found a huge runed gate.
 56588 | Crypt:1  | Found a huge runed gate.
 56589 | Crypt:1  | Found a huge runed gate.
 56590 | Crypt:1  | Found a huge runed gate.
 56950 | Crypt:1  | Found a huge runed gate.
 56951 | Crypt:1  | Found a huge runed gate.
 56952 | Crypt:1  | Found a huge runed gate.
 56953 | Crypt:1  | Found a huge runed gate.
 56983 | Crypt:1  | Noticed an ancient lich
 57085 | Crypt:1  | Killed an ancient lich
 57543 | Crypt:2  | Received a gift from Okawaru
 58381 | Crypt:3  | Entered Level 3 of the Crypt
 58416 | Crypt:3  | Received a gift from Okawaru
 59180 | Crypt:3  | Found an ancient bone altar of Kikubaaqudgha.
 59318 | Crypt:3  | Noticed an ancient lich
 59324 | Crypt:3  | Identified the cursed +1 glaive of Youthful Indiscretion
                  | {holy, rElec rC+ Dex-2}
 59325 | Crypt:3  | Noticed an ancient lich
 59337 | Crypt:3  | Killed an ancient lich
 59349 | Crypt:3  | Killed an ancient lich
 59349 | Crypt:3  | Reached XP level 25. HP: 55/213 MP: 18/33
 60011 | Crypt:3  | Found a staircase to the Tomb.
 60676 | Vaults:5 | Entered Level 5 of the Vaults
 60716 | Vaults:5 | Received a gift from Okawaru
 60740 | Vaults:5 | Reached skill level 24 in Axes
 60800 | Vaults:5 | Got a silver rune of Zot
 61038 | Vaults:5 | Received a gift from Okawaru
 61176 | Vaults:5 | Identified the cursed +0 halberd of Gozag's Whim {flame,
                  | rC+ Str+5 Dex-4}
 61326 | Vaults:5 | Received a gift from Okawaru
 61472 | Vaults:5 | Identified the +10 whip of Wisdom {venom, rPois rC+ MR-
                  | Int+6}
 61478 | Vaults:5 | Identified the Handbook of Conjuration and Orientation
 61716 | Vaults:5 | Received a gift from Okawaru
 61737 | Vaults:5 | Received a gift from Okawaru
 61800 | Vaults:5 | Noticed Bai Suzhen
 61819 | Vaults:5 | Killed Bai Suzhen
 62098 | Vaults:5 | Reached XP level 26. HP: 223/223 MP: 34/34
 62205 | Vaults:5 | Noticed an ancient lich
 62225 | Vaults:5 | Killed an ancient lich
 62225 | Vaults:5 | Received a gift from Okawaru
 62274 | Vaults:5 | Received a gift from Okawaru
 62658 | Vaults:5 | Identified the Almanac of Calling and Poisoning
 62758 | Vaults:5 | Identified the ring of Agnosticism {Fire rN++ Int-3 Dex+2
                  | SInv} (You acquired it on level 5 of the Vaults)
 63161 | Lair:6   | Fell from the grace of Okawaru
 63161 | Lair:6   | Became a worshipper of Jiyva Jukhleod the Shapeless
 63388 | Orc:2    | Reached * piety under Jiyva
 63428 | Orc:2    | Reached ** piety under Jiyva
 63467 | Orc:2    | Reached *** piety under Jiyva
 63468 | Orc:2    | Lost mutation: Your spells are a little easier to cast, but
                  | a little less powerful. [Jiyva's grace]
 63510 | Orc:2    | Reached **** piety under Jiyva
 63520 | Orc:2    | Gained mutation: Your translucent skin slightly reduces
                  | your foes' accuracy. (Stealth) [Jiyva's grace]
 63992 | Orc:1    | Gained mutation: You have acidic saliva. [Jiyva's grace]
 64005 | Orc:1    | Reached ***** piety under Jiyva
 64056 | Orc:1    | Lost mutation: You expend magic power (3 MP) to strengthen
                  | your wands. [Jiyva's grace]
 64212 | D:9      | Lost mutation: You possess an exceptional clarity of mind.
                  | [Jiyva's grace]
 64215 | D:9      | Reached ****** piety under Jiyva
 64417 | Slime:1  | Entered Level 1 of the Pits of Slime
 64447 | Slime:5  | Entered Level 5 of the Pits of Slime
 64452 | Slime:5  | Lost mutation: You are very agile. (Dex +4) [Jiyva's grace]
 64456 | Slime:5  | Lost mutation: You are weak. (Str -2) [Jiyva's grace]
 64457 | Slime:5  | Gained mutation: You have sharp toenails. [Jiyva's grace]
 64462 | Slime:5  | Lost mutation: You are agile. (Dex +2) [Jiyva's grace]
 64463 | Slime:5  | Noticed the Royal Jelly
 64465 | Slime:5  | Found a viscous altar of Jiyva.
 64467 | Slime:5  | Found the +9 staff of Wucad Mu {channel}
 64482 | Slime:5  | Got a slimy rune of Zot
 64492 | Slime:5  | Identified the +5 scale mail of Mezcal {rC+ rN+ Int+3
                  | Stlth+} (You found it on level 5 of the Pits of Slime)
 64505 | Slime:5  | Identified the Grimoire of Feathery Stones
 64569 | Lair:6   | Gained mutation: You occasionally shout uncontrollably at
                  | your foes. [Jiyva's grace]
 64846 | Hell     | Entered the Vestibule of Hell
 64846 | Hell     | Noticed Murray
 64846 | Hell     | Noticed Geryon
 64870 | Depths:1 | Gained mutation: You possess an exceptional clarity of
                  | mind. [Jiyva's grace]
 66113 | Depths:1 | Gained mutation: You are covered in slimy tendrils that may
                  | disarm your opponents. [Jiyva's grace]
 66365 | Hell     | Gained mutation: Scrolls take you a little longer to read.
                  | [a cacodemon]
 66407 | Depths:1 | Killed Murray
 66660 | Hell     | Killed Geryon
 66783 | Hell     | Found a gateway to the decaying netherworld of Tartarus.
 66831 | Hell     | Found a gateway to the ashen valley of Gehenna.
 66837 | Hell     | Reached skill level 25 in Axes
 66845 | Hell     | Lost mutation: Your translucent skin slightly reduces your
                  | foes' accuracy. (Stealth) [Jiyva's grace]
 66892 | Hell     | Found a gateway to the Iron City of Dis.
 66909 | Hell     | Gained mutation: Your spells are a little harder to cast,
                  | but a little more powerful. [Jiyva's grace]
 67009 | Hell     | Found a gateway to the freezing wastes of Cocytus.
 67189 | Depths:2 | Voluntarily entered the Abyss.
 67383 | Abyss:2  | Found a blossoming altar of Fedhas.
 67679 | Abyss:3  | Found a shattered altar of Ashenzari.
 67812 | Abyss:3  | Noticed an ancient lich
 67827 | Abyss:3  | Killed an ancient lich
 67960 | Abyss:3  | Paralysed by you for 2 turns
 68140 | Abyss:3  | Gained mutation: Your body sometimes deteriorates upon
                  | taking damage. [a neqoxec]
 68164 | Abyss:3  | Lost mutation: Scrolls take you a little longer to read.
                  | [Jiyva's power]
 68246 | Abyss:3  | Gained mutation: Your translucent skin slightly reduces
                  | your foes' accuracy. (Stealth) [Jiyva's grace]
 68267 | Abyss:3  | Found a hide-covered altar of Uskayaw.
 68471 | Abyss:3  | Gained mutation: You are completely covered in rugged brown
                  | scales. (AC +3, +7% HP) [demonic ancestry]
 68471 | Abyss:3  | Reached XP level 27. HP: 215/237 MP: 34/34
 68519 | Abyss:3  | Found a radiant altar of Vehumet.
 68519 | Abyss:3  | Found a shadowy altar of Dithmenos.
 68519 | Abyss:3  | Found an ancient bone altar of Kikubaaqudgha.
 68519 | Abyss:3  | Found a basalt altar of Yredelemnul.
 68519 | Abyss:3  | Found an iron altar of Okawaru.
 68519 | Abyss:3  | Found a stormy altar of Qazlal.
 68520 | Abyss:3  | Found a bloodstained altar of Trog.
 68520 | Abyss:3  | Found a blossoming altar of Fedhas.
 68520 | Abyss:3  | Found a hazy altar of Hepliaklqana.
 68520 | Abyss:3  | Found a shimmering altar of Xom.
 68521 | Abyss:3  | Found a burning altar of Makhleb.
 68525 | Abyss:3  | Found a hide-covered altar of Uskayaw.
 68525 | Abyss:3  | Found a sparkling altar of Nemelex Xobeh.
 68525 | Abyss:3  | Found a glowing silver altar of Zin.
 68532 | Abyss:3  | Found an opulent altar of Gozag.
 68532 | Abyss:3  | Found a white marble altar of Elyvilon.
 68532 | Abyss:3  | Found an ornate altar of the Wu Jian Council.
 68532 | Abyss:3  | Found a deep blue altar of Sif Muna.
 68534 | Abyss:3  | Found a shattered altar of Ashenzari.
 68534 | Abyss:3  | Found a snail-covered altar of Cheibriados.
 68534 | Abyss:3  | Found an ornate altar of the Wu Jian Council.
 68875 | Abyss:3  | Gained mutation: Your mind is acute. (Int +2) [Jiyva's
                  | grace]
 68936 | Abyss:4  | Found a corrupted altar of Lugonu.
 69041 | Abyss:4  | Paralysed by accursed screaming for 1 turns
 69065 | Abyss:4  | Gained mutation: Your muscles are strong. (Str +2) [Jiyva's
                  | grace]
 69128 | Abyss:4  | Gained mutation: Armour fits poorly on your strangely
                  | shaped body. [a neqoxec]
 69130 | Abyss:4  | Gained mutation: You are frail. (-10% HP) [a neqoxec]
 69134 | Abyss:4  | Lost mutation: You are frail. (-10% HP) [Jiyva's power]
 69326 | Abyss:4  | Lost mutation: You have sharp toenails. [Jiyva's grace]
 69509 | Abyss:4  | Found an ancient bone altar of Kikubaaqudgha.
 69634 | Abyss:4  | Paralysed by accursed screaming for 1 turns
 69635 | Abyss:4  | Lost mutation: Your body sometimes deteriorates upon taking
                  | damage. [a neqoxec]
 69705 | Abyss:4  | Lost mutation: You are covered in slimy tendrils that may
                  | disarm your opponents. [Jiyva's grace]
 69746 | Abyss:4  | Reached skill level 26 in Axes
 69751 | Depths:2 | Escaped the Abyss
 69873 | Depths:2 | Lost mutation: Armour fits poorly on your strangely shaped
                  | body. [Jiyva's power]
 69878 | Depths:2 | Voluntarily entered the Abyss.
 70206 | Abyss:2  | Found a snail-covered altar of Cheibriados.
 70665 | Abyss:3  | Paralysed by accursed screaming for 1 turns
 70807 | Abyss:3  | Found an ancient bone altar of Kikubaaqudgha.
 70929 | Abyss:3  | Was forgiven by Okawaru
 71022 | Abyss:3  | Gained mutation: You are robust. (+10% HP) [Jiyva's grace]
 71064 | Abyss:3  | Found a shimmering altar of Xom.
 71399 | Abyss:3  | Lost mutation: You possess an exceptional clarity of mind.
                  | [Jiyva's grace]
 71499 | Abyss:3  | Lost mutation: Your spells are a little harder to cast, but
                  | a little more powerful. [a neqoxec]
 71636 | Abyss:3  | Noticed a juggernaut
 71636 | Abyss:3  | an iron dragon changed into a juggernaut
 71644 | Abyss:3  | a juggernaut changed into a shard shrike
 71651 | Abyss:3  | Paralysed by accursed screaming for 1 turns
 71700 | Abyss:3  | Lost mutation: Your translucent skin slightly reduces your
                  | foes' accuracy. (Stealth) [Jiyva's grace]
 71700 | Abyss:3  | Gained mutation: Your skin changes colour to match your
                  | surroundings (Stealth+). [Jiyva's grace]
 71856 | Abyss:3  | Found a glowing golden altar of the Shining One.
 71870 | Abyss:3  | Identified the +4 buckler of Dim Light {Str-2 Dex+5}
 71903 | Abyss:3  | Noticed a juggernaut
 71912 | Abyss:3  | Killed a juggernaut
 71916 | Abyss:3  | Got an abyssal rune of Zot
 71960 | Depths:2 | Escaped the Abyss
 72102 | Geh:1    | Entered Level 1 of Gehenna
 72183 | Geh:1    | Lost mutation: Your mind is acute. (Int +2) [Jiyva's grace]
 72193 | Geh:1    | Gained mutation: Your spells are a little harder to cast,
                  | but a little more powerful. [Jiyva's grace]
 72484 | Geh:4    | Gained mutation: You are very robust. (+20% HP) [Jiyva's
                  | grace]
 72587 | Geh:4    | Lost mutation: Your spells are a little harder to cast, but
                  | a little more powerful. [Jiyva's grace]
 72676 | Geh:6    | Reached skill level 27 in Axes
 72691 | Geh:6    | Learned a level 3 spell: Regeneration
 72763 | Geh:6    | Reached skill level 1 in Spellcasting
 72768 | Geh:6    | Reached skill level 1 in Charms
 72817 | Geh:6    | Reached skill level 1 in Necromancy
 72916 | Geh:6    | Gained mutation: You have large cloven feet. [Jiyva's
                  | grace]
 72949 | Geh:6    | Lost mutation: You occasionally shout uncontrollably at
                  | your foes. [Jiyva's grace]
 72960 | Geh:6    | Gained mutation: Your spells are a little harder to cast,
                  | but a little more powerful. [Jiyva's grace]
 73133 | Geh:6    | Lost mutation: Your spells are a little harder to cast, but
                  | a little more powerful. [Jiyva's grace]
 73173 | Geh:7    | Entered Level 7 of Gehenna
 73202 | Geh:7    | Gained mutation: You have a small jelly attached to you
                  | that may absorb incoming projectiles. [Jiyva's grace]
 73338 | Geh:7    | Lost mutation: You have acidic saliva. [Jiyva's grace]
 73419 | Geh:7    | Noticed the Serpent of Hell
 73438 | Geh:7    | Killed the Serpent of Hell
 73505 | Geh:7    | Lost mutation: You have a small jelly attached to you that
                  | may absorb incoming projectiles. [Jiyva's grace]
 73698 | Geh:7    | Gained mutation: Your body has grown golden eyes which may
                  | confuse attackers. (Acc +3) [Jiyva's grace]
 73772 | Geh:7    | Lost mutation: Your muscles are strong. (Str +2) [Jiyva's
                  | grace]
 73779 | Geh:7    | Lost mutation: You are very robust. (+20% HP) [Jiyva's
                  | grace]
 73786 | Geh:7    | Gained mutation: Your muscles are strong. (Str +2) [Jiyva's
                  | grace]
 73858 | Geh:7    | Reached skill level 5 in Necromancy
 74043 | Geh:7    | Gained mutation: Armour fits poorly on your pseudopods.
                  | [Jiyva's grace]
 74104 | Geh:7    | Identified the ring "Joybie" {rPois rN+ MP+9 Dex-3} (You
                  | found it on level 7 of Gehenna)
 74126 | Geh:7    | Lost mutation: Your skin changes colour to match your
                  | surroundings (Stealth+). [Jiyva's grace]
 74326 | Geh:7    | HP: 1/267 [Brimstone Fiend/damnation[the effects of Hell]
                  | (47)]
 74327 | Geh:7    | Killed from afar by a Brimstone Fiend

Levels and vault maps discovered:
D:1:      dpeg_arrival_boxes_within_box, layout_basic, serial_glass,
          glass_columns_b, glass_columns_c, due_unseen_surprise,
          item_on_display_a, feat_on_display
D:2:      layout_basic, nicolae_ashenzari_panopticon, first_ration,
          kennysheep_path_1
D:3:      layout_rooms, kennysheep_boxes
D:4:      layout_rooms, minmay_hedge_maze
D:5:      layout_basic, okawaru_gym_becter, kennysheep_generic_room_10,
          uniq_sigmund, uniq_blork_the_orc
D:6:      layout_cave_pools, nicolae_overflow_crystal_walls,
          nicolae_tso_swordbearing_angel, kiku_gazebo_garden_becter,
          minmay_temple_entry_enclosed_plants, kennysheep_flooded_box,
          nrook_campfire
D:7:      layout_loops_ring, lemuel_crystal_altar,
          lemuel_coloured_pillars_altar, fedhas_bush_and_centaur_altar
D:8:      layout_basic, nicolae_ossuary_entry_ruins
D:9:      layout_basic, lemuel_zombie_altar_yredelemnul,
          chequers_guarded_unrand_ignorance, uniq_pikel, uniq_grum, uniq_erica
D:10:     layout_long_grid, dpeg_lair_monsters, orc_0_dummy
D:11:     layout_irregular_city
D:12:     layout_cave_pools, gammafunk_ghost_smash, serial_rivers,
          chequers_serial_rivers_micro_e, chequers_serial_rivers_room_a,
          chequers_serial_rivers_micro_e, chequers_serial_rivers_micro_a,
          drop_trap, hangedman_ranch [blue_anna_fruit_fields]
D:13:     layout_roguey [special_room_orc], portal_ice_cave_entry_ice_beasts,
          lemuel_oklob_altar
D:14:     layout_rooms, david_vaults_1
D:15:     hangedman_depths_entry_try_elsewhere_first, layout_basic,
          serial_shops, shop, shop_statue, shop, nicolae_shop_trees, shop,
          uniq_kirke, uniq_agnes
Lair:1:   layout_big_grid, beast_lair_carwin_1
Lair:2:   layout_gridlike, nicolae_volcano_entry_vermiform, wad_woods_03,
          uniq_gastronok
Lair:3:   layout_roguey, spider_nest_entry_web_field, columned_hall_lemuel,
          grunt_forest_large_clearings, grunt_megastairs_5
Lair:4:   layout_roguey, minmay_swamp_entry_swarm,
          chequers_serial_rivers_micro_a
Lair:5:   layout_loops_ring
Lair:6:   guppyfry_lair_end_dragon, layout_regular_city,
          hangedman_lair_caniforms_friends, slime_altar_2, serial_rivers,
          chequers_serial_rivers_small_3, chequers_serial_rivers_micro_a,
          chequers_serial_rivers_marsh, chequers_serial_rivers_small_b
Swamp:1:  layout_basic_swamp, evilmike_swamp_ruin_house_6, uniq_nikola
Swamp:2:  layout_basic_swamp, evilmike_swamp_ruin_house_2
Swamp:3:  layout_falls_marsh, nicolae_swamp_feature_on_the_river_bank,
          infiniplex_staircase_pool
Swamp:4:  swamp_basic_johnstein, layout_basic_swamp
Spider:1: layout_chambers, ebering_ghost_disaster_area, worms_lemuel
Spider:2: layout_chambers, uniq_louise
Spider:3: gammafunk_the_bubble [the_bubble_gammafunk_plus_minus],
          guppyfry_spider_mini_3, uniq_aizul
Spider:4: spider_rune_water
Slime:1:  layout_caves
Slime:2:  layout_caves
Slime:3:  layout_caves
Slime:4:  layout_caves
Slime:5
Orc:1:    layout_caves
Orc:2:    pubby_orc_utopia
Elf:1:    elf_arrival_002, layout_rooms, basic_altar, serial_shops,
          nicolae_shop_overgrown_old_shop, minmay_elf_sorcery
Elf:2:    layout_rooms, infiniplex_enter_wizlab_water, hangedman_elf_disciples,
          uniq_roxanne
Elf:3:    minmay_elf_hall_spiked, layout_geoelf_diagonals, serial_shops, shop
Vaults:1: vaults_room_semicircle, ontoclasm_vaults_decontamination, v_misc_33,
          hangedman_vaults_variations, v_misc_19, ontoclasm_vaults_misaligned,
          vaults_dpeg_cross, hangedman_vaults_impose,
          nicolae_vaults_big_angled_halls, v_misc_5, v_misc_13,
          ontoclasm_vaults_eye, nicolae_vaults_an_arrangement,
          ontoclasm_vaults_spin, vaults_room_stairs_pillars,
          ontoclasm_vaults_ring_square, layout_vaults_maze, serial_shops,
          nicolae_shop_statue_plus, uniq_saint_roka
Vaults:2: nicolae_vaults_ring_of_whatevers, nicolae_vaults_triangles,
          nicolae_vaults_windows_and_doors_thing, ontoclasm_vaults_shout,
          v_misc_3, hangedman_vaults_corner, vaults_room_pool,
          grunt_vaults_hallway_long, layout_vaults_omnigrid, uniq_margery
Vaults:3: v_misc_24, hangedman_vaults_nails, nicolae_vaults_know_your_exits,
          minmay_crypt_entry_necro_gods, nicolae_vaults_big_angled_halls,
          vaults_mumra_chevron_long, ontoclasm_vaults_chip,
          vaults_room_semicircle, v_misc_32, hangedman_vaults_maws,
          hangedman_vaults_trim, layout_vaults_omnicross, basic_altar
Vaults:4: v_pattern_2, v_alt_pattern_2, ontoclasm_vaults_bender,
          nicolae_vaults_asterisk, hangedman_vaults_snaps, st_more_cells,
          vaults_room_semicircle, nicolae_vaults_asterisk,
          nicolae_vaults_yaktaur_gun_rack, nicolae_vaults_back_hallway,
          vaults_mumra_minichess_inversion, v_misc_11,
          ontoclasm_vaults_loading_screen, layout_vaults_ring, uniq_sojobo
Vaults:5: uniq_bai_suzhen
Crypt:1:  layout_chaotic_city, door_vault, roderic_lattice_octagonal_star
Crypt:2:  layout_regular_city, nrook_guardian_serpent_ordinary
Crypt:3:  evilmike_haunted_forest
Depths:1: layout_basic, grunt_mini_vestibule, abyss_entry, serial_shops,
          nicolae_shop_trees, lemuel_statue_altar, moated_statue,
          hangedman_decor_push, nicolae_lava_and_water, st_stairs_6,
          skrybe_limestone_x, kennysheep_just_a_vault
Depths:2: box_level_dp, abyss_entry, hell_entry, uniq_asterion
Depths:3: kb_forest_paths, layout_gridlike, enter_ziggurat_c,
          grunt_pan_entry_zigzag, hell_entry, hangedman_abyss_or_decor_stabs,
          drop_trap
Depths:4: minmay_the_grid_square_5x5_4x4 [minmay_the_grid_square_5x5_fat_x,
          minmay_the_grid_square_5x5_shrine1,
          minmay_the_grid_square_5x5_longway,
          minmay_the_grid_square_5x5_six_small,
          minmay_the_grid_square_5x5_two_small,
          minmay_the_grid_square_5x5_prize_deathbox,
          minmay_the_grid_square_5x5_prize_open,
          minmay_the_grid_square_5x5_beaten_path,
          minmay_the_grid_square_5x5_seven,
          minmay_the_grid_square_5x5_prize_waves,
          minmay_the_grid_square_5x5_prize_junk,
          minmay_the_grid_square_5x5_fancy_junction,
          minmay_the_grid_square_5x5_two_walls_b,
          minmay_the_grid_square_5x5_three_walls,
          minmay_the_grid_square_5x5_two,
          minmay_the_grid_square_5x5_checkered_sparse], layout_cave_pools,
          abyss_entry_crystal, serial_shops,
          nicolae_shop_competitors_out_of_business, hellmouth_1, fountainhead,
          dispersion_dpeg
Depths:5: grunt_crosshair, layout_long_grid, serial_shops, bzr_entry_islet,
          chequers_serial_rivers_small_b, hell_entry,
          minmay_guarded_unrand_wrath_of_trog, uniq_jory
Hell
Geh:1:    layout_gehenna_pools_basic, lemuel_hellish_altar
Geh:2:    layout_gehenna_pools_triple
Geh:3:    layout_gehenna_lava_caves
Geh:4:    layout_gehenna_lava_caves
Geh:5:    layout_gehenna_pools_box, lemuel_elevator
Geh:6:    layout_gehenna_pools_basic
Geh:7:    evilmike_geh

Skill      XL: |  1  2  3  4  5  6  7  8  9 10 11 12 13 14 15 16 17 18 19 20 21 22 23 24 25 26 27 |
---------------+----------------------------------------------------------------------------------+-----
Dodging        | 2 3 4 5 6 7 8 9 |  9.5
Throwing       | 4 5 6 7 8 |  8.8
Armour         | 1 2 3 4 5 7 8 9 10 11 12 13 | 13.0
Fighting       | 3 4 5 6 7 8 9 11 12 13 14 15 16 17 18 19 21 | 21.4
Axes           | 1 3 6 8 10 12 13 15 16 17 18 19 20 21 22 23 24 25 27 | 27.0
Evocations     | 1 2 4 5 6 7 9 10 11 12 13 14 | 14.9
Shields        | 1 2 3 4 6 8 10 12 13 14 15 16 17 18 19 20 22 | 22.8
Polearms       | 1 2 |  2.0
Invocations    | 2 5 6 8 10 12 13 | 13.5
Maces & Flails | 1 |  1.0
Stealth        | 1 3 |  3.6
Spellcasting   | 4 |  4.8
Charms         | 4 |  4.6
Necromancy     | 5 |  5.6
Short Blades   | |  0.8

Action                   |  1- 3 |  4- 6 |  7- 9 | 10-12 | 13-15 | 16-18 | 19-21 | 22-24 | 25-27 || total
-------------------------+-------+-------+-------+-------+-------+-------+-------+-------+-------++-------
Melee: Short sword       |   185 |   221 |       |       |       |       |       |       |       ||   406
       Hand axe          |       |    13 |   335 |       |       |       |       |       |       ||   348
       Rapier            |       |       |    89 |       |       |       |       |       |       ||    89
       War axe           |       |       |    42 |   584 |  2255 |   262 |       |       |       ||  3143
       Spear             |       |       |       |     6 |    87 |     4 |       |       |       ||    97
       Broad axe         |       |       |       |     6 |     9 |  1435 |  1508 |  1590 |  3281 ||  7829
       Eveningstar       |       |       |       |       |       |   138 |       |       |       ||   138
       Bite              |       |       |       |       |       |       |       |       |   492 ||   492
       Pseudopods        |       |       |       |       |       |       |       |       |    16 ||    16
Throw: Boomerang         |    25 |    25 |    16 |    77 |    30 |    77 |       |       |       ||   250
       Javelin           |       |       |    18 |    22 |     7 |       |    36 |    74 |     5 ||   162
       Throwing net      |       |       |     3 |     1 |       |       |       |       |       ||     4
Invok: Heroism           |       |       |     1 |     1 |     3 |     6 |     6 |     4 |     2 ||    23
       Finesse           |       |       |       |       |       |     3 |     1 |     4 |     2 ||    10
       Request Jelly     |       |       |       |       |       |       |       |       |    51 ||    51
       Cure Bad Mutation |       |       |       |       |       |       |       |       |     3 ||     3
 Abil: Evoke Invisibilit |       |       |       |       |     2 |     2 |       |       |       ||     4
Evoke: Wand              |       |       |       |    17 |    29 |    19 |    19 |     6 |     3 ||    93
       Sack of spiders   |       |       |       |       |       |       |       |       |     1 ||     1
  Use: Scroll            |       |       |    12 |    13 |    19 |    16 |    13 |    24 |    17 ||   114
       Potion            |       |       |     1 |     4 |     2 |     4 |     5 |       |     4 ||    20
 Stab: Sleeping          |       |     2 |    21 |     4 |       |       |    17 |    17 |     1 ||    62
       Held in net/web   |       |       |     2 |       |       |       |       |       |       ||     2
       Paralysed         |       |       |       |     3 |    28 |       |       |       |     1 ||    32
       Invisible         |       |       |       |       |    21 |    36 |       |       |     4 ||    61
       Confused          |       |       |       |       |       |     3 |       |       |     1 ||     4
       Distracted        |       |       |       |       |       |     1 |     4 |     8 |     5 ||    18
  Eat: Chunk             |     4 |     6 |     6 |    18 |    41 |    36 |    32 |    28 |     9 ||   180
       Ration            |       |       |     2 |       |     1 |     2 |     2 |     2 |     1 ||    10
Armor: Scale mail        |    96 |     2 |       |       |       |       |   132 |   249 |    79 ||   558
       Leather armour    |     1 |       |       |       |       |       |       |       |       ||     1
       Chain mail        |       |   150 |       |       |   663 |       |       |       |       ||   813
       Shadow dragon sca |       |    48 |   334 |   378 |    11 |       |       |       |       ||   771
       Plate armour      |       |       |       |       |   396 |   801 |    77 |       |       ||  1274
       Gold dragon scale |       |       |       |       |       |       |       |       |   688 ||   688
Dodge: Dodged            |   107 |   101 |   207 |   271 |   580 |   324 |   179 |   376 |   584 ||  2729
Block: Buckler           |       |     9 |    87 |   134 |   133 |       |       |       |       ||   363
       Shield            |       |       |       |       |   554 |       |       |       |       ||   554
       Reflection        |       |       |       |       |    68 |    47 |   132 |    63 |    74 ||   384
       Large shield      |       |       |       |       |   732 |  2565 |  1625 |  2055 |  4017 || 10994

Table legend:
 A = Non-vault XP
 B = Vault XP
 C = Vault XP percentage of total XP
 D = Non-vault monster count
 E = Vault monster count
 F = Vault count percentage of total count
                 A         B        C        D         E       F
            +---------+---------+-------+---------+---------+-------
      Total | 1044825 |  912477 |  46.6 |    2254 |    1279 |  36.2
            +---------+---------+-------+---------+---------+-------
        D:1 |      55 |       0 |   0.0 |      29 |       0 |   0.0
        D:2 |      62 |       0 |   0.0 |      20 |       0 |   0.0
        D:3 |      74 |       0 |   0.0 |      18 |       0 |   0.0
        D:4 |      73 |       0 |   0.0 |       9 |       0 |   0.0
        D:5 |     418 |     321 |  43.4 |      29 |       2 |   6.5
        D:6 |     219 |       0 |   0.0 |       5 |       0 |   0.0
        D:7 |    2120 |     110 |   4.9 |      27 |       1 |   3.6
        D:8 |    1138 |       0 |   0.0 |      22 |       0 |   0.0
        D:9 |    2668 |    2075 |  43.7 |      25 |       9 |  26.5
       D:10 |    3209 |    3478 |  52.0 |      34 |       4 |  10.5
       D:11 |    5592 |       0 |   0.0 |      46 |       0 |   0.0
       D:12 |    3667 |    5732 |  61.0 |      27 |      13 |  32.5
       D:13 |    4022 |    2815 |  41.2 |      23 |      34 |  59.6
       D:14 |    8298 |     872 |   9.5 |      47 |       2 |   4.1
       D:15 |   18296 |    8324 |  31.3 |      56 |      12 |  17.6
     Lair:1 |    9071 |    1206 |  11.7 |      39 |       8 |  17.0
     Lair:2 |    6689 |    3220 |  32.5 |      29 |       4 |  12.1
     Lair:3 |    5881 |    2630 |  30.9 |      24 |      19 |  44.2
     Lair:4 |    9048 |     899 |   9.0 |      22 |       5 |  18.5
     Lair:5 |    6193 |       0 |   0.0 |      23 |       0 |   0.0
     Lair:6 |   11520 |   13742 |  54.4 |      37 |      77 |  67.5
    Swamp:1 |   13936 |    3012 |  17.8 |      45 |       1 |   2.2
    Swamp:2 |   13883 |       0 |   0.0 |      26 |       0 |   0.0
    Swamp:3 |   10981 |       0 |   0.0 |      33 |       0 |   0.0
    Swamp:4 |   10178 |   20936 |  67.3 |      28 |      35 |  55.6
   Spider:1 |   12342 |    6766 |  35.4 |      38 |      20 |  34.5
   Spider:2 |   15506 |    1677 |   9.8 |      41 |       1 |   2.4
   Spider:3 |   21609 |    9205 |  29.9 |      60 |      21 |  25.9
   Spider:4 |   16666 |   21762 |  56.6 |      46 |      44 |  48.9
      Orc:1 |    5226 |       0 |   0.0 |      59 |       0 |   0.0
      Orc:2 |       0 |   21319 | 100.0 |       0 |     150 | 100.0
      Elf:1 |   17884 |    8951 |  33.4 |      28 |      14 |  33.3
      Elf:2 |    6895 |   32325 |  82.4 |      11 |      40 |  78.4
      Elf:3 |   16565 |   44530 |  72.9 |      26 |      32 |  55.2
   Vaults:1 |    8639 |   32140 |  78.8 |      16 |      58 |  78.4
   Vaults:2 |    7940 |   29037 |  78.5 |      19 |      37 |  66.1
   Vaults:3 |   13330 |   15844 |  54.3 |      18 |      23 |  56.1
   Vaults:4 |   13188 |   42206 |  76.2 |      20 |      55 |  73.3
   Vaults:5 |   51658 |  138304 |  72.8 |      64 |      87 |  57.6
    Crypt:1 |   12710 |   32930 |  72.2 |      22 |      15 |  40.5
    Crypt:2 |   35145 |     563 |   1.6 |      38 |       2 |   5.0
    Crypt:3 |       0 |   72540 | 100.0 |       0 |     105 | 100.0
   Depths:1 |   17255 |   14174 |  45.1 |      23 |      22 |  48.9
   Depths:2 |   30584 |   76622 |  71.5 |      36 |      70 |  66.0
   Depths:3 |   31505 |   23415 |  42.6 |      42 |      27 |  39.1
   Depths:4 |   48765 |   57930 |  54.3 |      61 |      31 |  33.7
   Depths:5 |   36327 |   31683 |  46.6 |      34 |      19 |  35.8
       Hell |   19871 |   17679 |  47.1 |      29 |      31 |  51.7
      Geh:1 |   16895 |       0 |   0.0 |      50 |       0 |   0.0
      Geh:2 |    3553 |       0 |   0.0 |       8 |       0 |   0.0
      Geh:4 |   28421 |       0 |   0.0 |      71 |       0 |   0.0
      Geh:6 |   40090 |       0 |   0.0 |      77 |       0 |   0.0
      Geh:7 |   49634 |   59183 |  54.4 |      63 |      38 |  37.6
    Abyss:1 |   33036 |    7417 |  18.3 |      25 |       6 |  19.4
    Abyss:2 |   44875 |       0 |   0.0 |      86 |       0 |   0.0
    Abyss:3 |  169359 |   18599 |   9.9 |     297 |      13 |   4.2
    Abyss:4 |   72061 |    1935 |   2.6 |     123 |       5 |   3.9
    Ossuary |       0 |     843 | 100.0 |       0 |      30 | 100.0
      IceCv |       0 |    5433 | 100.0 |       0 |      20 | 100.0
    Volcano |       0 |    4373 | 100.0 |       0 |      18 | 100.0
     WizLab |       0 |   13720 | 100.0 |       0 |      19 | 100.0
            +---------+---------+-------+---------+---------+-------
